 Dungeon Crawl Stone Soup version 0.24-a0-584-g9d6b971ae4 (webtiles) character file.

Game seed: 1531088751746804858, levelgen mode: deterministic

18 Gynju the Magician (level 2, -1/15 HPs)
             Began as a Deep Elf Wizard on Sept 4, 2019.
             Slain by a worm (10 damage)
             ... on level 2 of the Dungeon.
             The game lasted 00:00:59 (808 turns).

Gynju the Magician (Deep Elf Wizard)                 Turns: 808, Time: 00:01:00

Health: -1/15      AC:  2    Str:  4    XL:     2   Next: 51%
Magic:  1/10       EV: 13    Int: 22    God:
Gold:   60         SH:  0    Dex: 13    Spells: 10/11 levels left

rFire    . . .     SeeInvis .   e - +0 short sword
rCold    . . .     Gourm    .   (no shield)
rNeg     . . .     Faith    .   a - +0 robe
rPois    .         Spirit   .   b - +0 hat
rElec    .         Reflect  .   (no cloak)
rCorr    .         Harm     .   (no gloves)
MR       .....                  (no boots)
Stlth    ++........             (no amulet)
HPRegen  0.05/turn              (no ring)
MPRegen  0.12/turn              (no ring)

@: no status effects
A: no striking features
a: no special abilities


You were on level 2 of the Dungeon.
You were not hungry.

You visited 1 branch of the dungeon, and saw 2 of its levels.

You collected 60 gold pieces.

Inventory:

Hand Weapons
 e - a +0 short sword (weapon)
Armour
 a - a +0 robe (worn)
 b - a +0 hat (worn)
Scrolls
 h - a scroll of enchant weapon {unknown}
 i - a scroll of magic mapping {unknown}
 j - 2 scrolls of fog {unknown}
 k - 2 scrolls of random uselessness {unknown}
 l - 2 scrolls of blinking {unknown}
Potions
 c - a potion of ambrosia {unknown}
 f - a potion of might {unknown}
 g - 2 potions of haste {unknown}
 m - a potion of flight {unknown}
Comestibles
 d - 3 rations


   Skills:
 - Level 2.4 Dodging
 - Level 2.4 Stealth
 + Level 5.0 Spellcasting
 + Level 2.1 Conjurations
   Level 1.1 Summonings
   Level 1.1 Translocations


You had 10 spell levels left.
You knew the following spells:

 Your Spells              Type           Power        Failure   Level  Hunger
a - Magic Dart            Conj           ###.         4%          1    None

Your spell library contained the following spells:

 Spells                   Type           Power        Failure   Level  Hunger
 Blink                    Tloc           N/A          10%         2    None
 Call Imp                 Summ           ##......     10%         2    None
 Slow                     Hex            #.......     16%         2    None
 Conjure Flame            Conj/Fire      ##......     19%         3    ##.....
 Mephitic Cloud           Conj/Pois/Air  #.......     22%         3    ##.....


Dungeon Overview and Level Annotations

Branches:
Dungeon (2/15)

Altars:


Message History

The worm is almost dead.
The worm barely misses you.
You completely miss the worm.
The worm is severely wounded.
The worm barely misses you.
You hit the worm.
The worm is almost dead.
You completely miss the worm.
The worm is almost dead.
The worm bites you!
You barely miss the worm.
The worm is almost dead.
The worm misses you.
You hit the worm but do no damage.
The worm is almost dead.
You barely miss the worm.
The worm is almost dead.
The worm bites you!
Ouch! That really hurt!
You die...

..# #.#
#.#######.#
#.......#.#
#.......#.#
#.......#.#
#....(..#w#
#.......#@##
#.........(#
#..........#
####.#.........
#.#........#
#.#.......##
#.######.###...###
#................
#####...######.##


You could see a worm.

Vanquished Creatures
  A leopard gecko (D:1)
  A bat (D:1)
  A giant cockroach (D:1)
  3 goblins
  3 hobgoblins (D:1)
  3 kobolds (D:1)
  A frilled lizard (D:1)
  A rat (D:1)
14 creatures vanquished.

Notes
Turn   | Place    | Note
-------+----------+-------------------------------------------
     0 | D:1      | Gynju the Deep Elf Wizard began the quest for the Orb.
     0 | D:1      | Reached XP level 1. HP: 10/10 MP: 7/7
     4 | D:1      | Noticed a death yak
     7 | D:1      | Noticed an elephant
   385 | D:1      | Reached XP level 2. HP: 15/15 MP: 6/9
   505 | D:1      | Reached skill level 5 in Spellcasting
   808 | D:2      | Slain by a worm

Levels and vault maps discovered:
D:1:      sevenhm_arrival_forest_fort_small_2, layout_basic
D:2:      layout_loops_ring, first_ration, fedhas_altar_4, uniq_jessica

Skill      XL: |  1  2 |
---------------+-------+-----
Conjurations   | 2 |  2.1
Spellcasting   | 5 |  5.0
Dodging        | |  2.4
Stealth        | |  2.4
Summonings     | |  1.1
Translocations | |  1.1

Action                   || total
-------------------------++-------
Melee: Short sword       ||    20
 Cast: Magic Dart        ||    36
 Stab: Sleeping          ||     1
Armor: Robe              ||    15
Dodge: Dodged            ||    18

Table legend:
 A = Non-vault XP
 B = Vault XP
 C = Vault XP percentage of total XP
 D = Non-vault monster count
 E = Vault monster count
 F = Vault count percentage of total count
                 A         B        C        D         E       F
            +---------+---------+-------+---------+---------+-------
      Total |      27 |       0 |   0.0 |      14 |       0 |   0.0
            +---------+---------+-------+---------+---------+-------
        D:1 |      25 |       0 |   0.0 |      13 |       0 |   0.0
        D:2 |       2 |       0 |   0.0 |       1 |       0 |   0.0
            +---------+---------+-------+---------+---------+-------
